 Dungeon Crawl Stone Soup version 0.22-a0-848-ge9e22a0 (webtiles) character file.

3334 Supahsalami the Basher (level 10, -6/63 HPs)
             Began as a Gargoyle Venom Mage on July 27, 2018.
             Was a Follower of Okawaru.
             Killed from afar by Erica (22 damage)
             ... with an orb of energy
             ... on level 8 of the Dungeon.
             The game lasted 00:30:07 (11199 turns).

Supahsalami the Basher (Gargoyle Venom Mage)       Turns: 11199, Time: 00:30:08

Health: -6/63      AC: 18    Str: 18    XL:     10   Next: 2%
Magic:  13/13      EV: 12    Int: 16    God:    Okawaru [*.....]
Gold:   327        SH:  4    Dex: 10    Spells: 9/13 levels left

rFire    . . .     SeeInvis .   l - +3 mace
rCold    . . .     Gourm    .   j - +0 buckler
rNeg     + + .     Faith    .   C - +0 steam dragon scales
rPois    ∞         Spirit   .   v - +2 hat
rElec    +         Reflect  .   (no cloak)
rCorr    .         Harm     .   f - +1 pair of gloves
MR       .....                  (no boots)
Stlth    ++........             (no amulet)
HPRegen  0.20/turn              A - ring of positive energy
MPRegen  0.13/turn              B - +3 ring of strength

@: slowed, very slow
A: negative energy resistance 1, electricity resistance, unbreathing,
petrification resistance, rot immunity, AC +7
a: Heroism, Renounce Religion


You were on level 8 of the Dungeon.
You worshipped Okawaru.
Okawaru was aware of your devotion.
You were not hungry.

You visited 2 branches of the dungeon, and saw 10 of its levels.
You also visited: Ossuary.

You collected 567 gold pieces.
You spent 240 gold pieces at shops.

Inventory:

Hand Weapons
 b - a +2 short sword of distortion
 l - a +3 mace (weapon)
 n - a +2 hand axe of venom
 s - a cursed -2 shortbow
Missiles
 e - 354 stones (quivered)
Armour
 f - a +1 pair of gloves (worn)
 j - a +0 buckler (worn)
 k - a +0 helmet
 q - a +0 shield
 v - a +2 hat (worn)
 C - +0 steam dragon scales (worn)
Jewellery
 A - a ring of positive energy (left hand)
 B - a +3 ring of strength (right hand)
Scrolls
 a - 2 scrolls of remove curse
 h - 2 scrolls of identify
 i - 2 scrolls of enchant armour
 m - 2 scrolls of teleportation
 y - a scroll of amnesia
 z - 2 scrolls of fear {unknown}
 F - 2 scrolls of blinking
Potions
 d - 5 potions of mutation
 g - 5 potions of heal wounds
 o - 2 potions of brilliance
 p - a potion of flight
 r - 3 potions of invisibility
 t - a potion of degeneration
 u - a potion of haste
 w - 2 potions of agility {unknown}
 x - a potion of curing
 E - a potion of ambrosia {unknown}
Comestibles
 c - 15 rations
 D - 3 chunks of flesh


   Skills:
 + Level 7.4 Fighting
 * Level 8.7 Maces & Flails
 + Level 7.4 Armour
 - Level 1.5 Dodging
 - Level 2.1 Stealth
 - Level 4.0 Shields
 + Level 2.2 Spellcasting
 + Level 1.5 Conjurations
 + Level 3.2 Poison Magic


You had 9 spell levels left.
You knew the following spells:

 Your Spells              Type           Power        Failure   Level  Hunger
a - Sting                 Conj/Pois      #...         8%          1    #......
b - Mephitic Cloud        Conj/Pois/Air  #.......     32%         3    ###....

Your spell library contained the following spells:

 Spells                   Type           Power        Failure   Level  Hunger
 Venom Bolt               Conj/Pois      #.........   91%         5    ######.
 Olgreb's Toxic Radiance  Pois           ##......     47%         4    #####..
 Poisonous Vapours        Pois/Air       #.....       16%         2    ###....


Dungeon Overview and Level Annotations

Branches:
Dungeon (9/15)             Temple (1/1) D:7            Lair (0/6) D:8
    Orc: D:9-12

Altars:
Ashenzari
Cheibriados
Dithmenos
Elyvilon
Fedhas
Gozag
Hepliaklqana
Kikubaaqudgha
Makhleb
Nemelex Xobeh
Okawaru
Qazlal
Ru
Sif Muna
Trog
Uskayaw
Vehumet
Wu Jian
Xom
Yredelemnul
Zin
The Shining One

Shops:
D:5 *   D:9 ?

Annotations:
D:8 Erica
D:9 Grum


Innate Abilities, Weirdness & Mutations

You are resistant to torment.
Your stone body is resilient. (AC +7)
You are immune to poison.
You resist negative energy. (rN+)
You are resistant to electric shocks. (rElec)
You can survive without breathing.
You are immune to petrification.
You are immune to rotting.


Message History

Erica flickers and vanishes!
Deactivating autopickup; reactivate with Ctrl-A.
The necrophage barely misses you.
You bump into the rock wall.
Something hits you.
* * * LOW HITPOINT WARNING * * *
Something burns you.
* * * LOW HITPOINT WARNING * * *
The necrophage hits you but does no damage.
The necrophage barely misses you. Something hits you but does no damage.
You're too confused to cast spells.
You miss something. The necrophage barely misses you.
Something hits you but does no damage.
You hear some strange, mumbled words.
You feel as though you will be slow longer.
The necrophage hits you but does no damage.
You feel less confused.
You hear some strange, mumbled words.
An orb of energy appears from out of thin air!
The orb of energy hits you!
You die...

#.####.#####.##.##.
#............##.##.
######.#####.......
#.# ####.##. #.#
#.... #.###########.
### #.........###.
##n#####.#######.....
#.{.@....##..........
##.########.#########
#.# #.# #.# #.#####
##.# #.....# #..#
#####.# #.## #.# #.#
#.# #.# #.#


You could see a necrophage.

Vanquished Creatures
  Grinder (D:6)
  A hippogriff (D:8)
  Sigmund (D:6)
  A wraith (Ossuary)
  A steam dragon (D:8)
  2 black bears (D:8)
  2 ice beasts
  6 ogres
  A phantom (D:8)
  2 wolves (D:8)
  A centaur (D:8)
  2 big kobolds
  Blork the orc (D:5)
  3 bullfrogs
  3 scorpions
  A howler monkey (D:4)
  2 crimson imps (D:6)
  A hound (D:6)
  3 orc priests
  An iguana (D:8)
  3 orc wizards
  4 worker ants
  A hound zombie (D:7)
  3 mummies (Ossuary)
  7 gnolls
  12 adders
  A shadow imp (D:6)
  2 oozes (D:2)
  A worm (D:6)
  3 dart slugs
  6 leopard geckos
  17 orcs
  6 giant cockroaches
  A gnoll zombie (Ossuary)
  16 goblins
  7 hobgoblins
  4 jackals (D:1)
  13 kobolds
  4 quokkas
  5 bats
  3 frilled lizards
  2 goblin zombies (Ossuary)
  3 hobgoblin zombies (Ossuary)
  2 kobold zombies (Ossuary)
  An orc zombie (Ossuary)
  A quokka skeleton (D:4)
  11 rats
175 creatures vanquished.

Vanquished Creatures (others)
  A hobgoblin zombie (Ossuary)
1 creature vanquished.

Grand Total: 176 creatures vanquished

Notes
Turn   | Place    | Note
-------+----------+-------------------------------------------
     0 | D:1      | Supahsalami the Gargoyle Venom Mage began the quest for the Orb.
     0 | D:1      | Reached XP level 1. HP: 10/10 MP: 3/3
   324 | D:1      | Reached skill level 1 in Fighting
   324 | D:1      | Reached skill level 1 in Armour
   324 | D:1      | Reached XP level 2. HP: 11/16 MP: 5/5
   973 | D:1      | Reached skill level 1 in Maces & Flails
   973 | D:1      | Reached XP level 3. HP: 16/20 MP: 6/6
  1513 | D:2      | Reached XP level 4. HP: 23/26 MP: 7/7
  2191 | D:3      | Reached XP level 5. HP: 27/32 MP: 8/8
  2195 | D:3      | Reached skill level 1 in Shields
  2469 | D:3      | Noticed an ogre
  2656 | D:3      | Reached skill level 2 in Maces & Flails
  2796 | D:3      | Killed an ogre
  2796 | D:3      | Reached XP level 6. HP: 17/37 MP: 9/9
  3694 | D:4      | Reached XP level 7. HP: 40/43 MP: 10/10
  3794 | D:4      | Reached skill level 3 in Maces & Flails
  4510 | D:5      | Entered Level 5 of the Dungeon
  4612 | D:5      | Noticed Blork the orc
  4690 | D:5      | Killed Blork the orc
  4922 | D:5      | Reached skill level 4 in Maces & Flails
  5201 | D:5      | Found Lusojyam's General Store.
  5419 | D:5      | Found a sparkling altar of Nemelex Xobeh.
  5570 | D:5      | Reached XP level 8. HP: 46/48 MP: 11/11
  5944 | D:6      | Reached skill level 5 in Fighting
  5944 | D:6      | Reached skill level 5 in Maces & Flails
  5944 | D:6      | Reached skill level 5 in Armour
  5959 | D:6      | Noticed Grinder
  5964 | D:6      | Paralysed by Grinder for 7 turns
  5975 | D:6      | Paralysed by Grinder for 3 turns
  5987 | D:6      | Paralysed by Grinder for 3 turns
  5994 | D:6      | Paralysed by Grinder for 5 turns
  6007 | D:6      | Killed Grinder
  6439 | D:6      | Noticed Sigmund
  6440 | D:6      | Reached skill level 6 in Maces & Flails
  6481 | D:6      | Killed Sigmund
  7056 | D:6      | Reached XP level 9. HP: 55/55 MP: 12/12
  7825 | D:7      | Reached skill level 7 in Maces & Flails
  7882 | D:7      | Found a staircase to the Ecumenical Temple.
  7891 | Temple   | Entered the Ecumenical Temple
  8044 | Temple   | Became a worshipper of Warmaster Okawaru
  9138 | D:8      | Reached skill level 8 in Maces & Flails
  9217 | D:8      | Found a sand-covered staircase.
  9221 | Ossuary  | Entered an ossuary
  9636 | Ossuary  | Reached * piety under Okawaru
  9992 | D:8      | Found a staircase to the Lair.
 10382 | D:8      | Learned a level 3 spell: Mephitic Cloud
 10712 | D:8      | Found a deep blue altar of Sif Muna.
 10854 | D:9      | Noticed Grum
 11117 | D:9      | Reached XP level 10. HP: 63/63 MP: 13/13
 11130 | D:9      | Found Kegedux's Magic Scroll Boutique.
 11134 | D:9      | Bought a scroll of blinking for 120 gold pieces
 11134 | D:9      | Bought a scroll of blinking for 120 gold pieces
 11148 | D:9      | Noticed Erica
 11199 | D:8      | Killed from afar by Erica

Vault maps used:
D:1:      dpeg_arrival_leaves_temple_mockup
D:2:      cheibrodos_greedy_goblins, first_ration
D:3:      hex_large, guppyfry_early_orc_mine
D:4:      minmay_wonky_spiral
D:5:      serial_shops, shop_coins, nemelex_diamond_rough_becter,
          uniq_blork_the_orc
D:6:      uniq_sigmund, uniq_grinder
D:7:      minmay_temple_entry_statues_pillars
D:8:      led_sif_pool, lair_entry_dummy, lightli_ossuary_entry_decrepit_ruins
D:9:      serial_shops, nicolae_shop_temple_entry_statues_fountains,
          kennysheep_mini_moat, uniq_erica, uniq_grum, uniq_maurice
Temple:   kilobyte_greek_temple
Ossuary:  ossuary_kennysheep_city_of_the_dead

Skill      XL: |  1  2  3  4  5  6  7  8  9 |
---------------+----------------------------+-----
Fighting       | 1 2 3 4 5 7 |  7.4
Armour         | 1 2 3 4 6 7 |  7.4
Maces & Flails | 1 2 4 6 8 |  8.7
Shields        | 2 3 4 |  4.0
Dodging        | |  1.5
Stealth        | |  2.1
Spellcasting   | |  2.2
Conjurations   | |  1.5
Poison Magic   | |  3.2

Action                   |  1- 3 |  4- 6 |  7- 9 | 10-12 || total
-------------------------+-------+-------+-------+-------++-------
Melee: Unarmed           |    11 |       |       |       ||    11
       Club              |    43 |       |       |       ||    43
       Hand axe          |    66 |   154 |    24 |       ||   244
       Flail             |       |       |   204 |       ||   204
       Mace              |       |       |   285 |    28 ||   313
Throw: Stone             |     1 |       |    23 |       ||    24
       Throwing net      |       |       |     1 |       ||     1
 Cast: Sting             |    16 |       |       |       ||    16
Invok: Heroism           |       |       |     3 |     1 ||     4
  Use: Scroll            |       |       |    15 |       ||    15
       Potion            |       |       |     4 |       ||     4
 Stab: Sleeping          |     4 |       |     1 |       ||     5
  Eat: Chunk             |     2 |     8 |    17 |       ||    27
       Ration            |       |       |     2 |       ||     2
Armor: Robe              |    14 |       |       |       ||    14
       Leather armour    |    20 |       |       |       ||    20
       Ring mail         |    33 |    63 |   241 |       ||   337
       Steam dragon scal |       |       |    32 |    30 ||    62
Dodge: Dodged            |    97 |    77 |   287 |    21 ||   482
Block: Buckler           |       |    21 |   101 |     4 ||   126

Table legend:
 A = Spawn XP
 B = Non-spawn XP
 C = Spawn XP percentage of total XP
 D = Spawn monster count
 E = Non-spawn monster count
 F = Spawn count percentage of total count
 G = Total turns spent on level
                    A         B        C        D         E        F      G
               +---------+---------+-------+---------+---------+-------+---------
         Total |       0 |    4763 |   0.0 |       0 |     175 |   0.0 | 11199
               +---------+---------+-------+---------+---------+-------+---------
           D:1 |       0 |      59 |   0.0 |       0 |      30 |   0.0 |  1406
           D:2 |       0 |      87 |   0.0 |       0 |      26 |   0.0 |   787
           D:3 |       0 |     326 |   0.0 |       0 |      25 |   0.0 |   944
           D:4 |       0 |     387 |   0.0 |       0 |      14 |   0.0 |  1392
           D:5 |       0 |     431 |   0.0 |       0 |       7 |   0.0 |  1237
           D:6 |       0 |    1065 |   0.0 |       0 |      20 |   0.0 |  1460
           D:7 |       0 |     524 |   0.0 |       0 |      19 |   0.0 |  1443
           D:8 |       0 |    1466 |   0.0 |       0 |      19 |   0.0 |  1378
           D:9 |       0 |     156 |   0.0 |       0 |       2 |   0.0 |   203
       Ossuary |       0 |     262 |   0.0 |       0 |      13 |   0.0 |   763
               +---------+---------+-------+---------+---------+-------+---------
